 Dungeon Crawl Stone Soup version 0.28.0-53-g5a82cb258f (webtiles) character file.

Game seed: 7281660919827463080

13211 safid the Destroyer (level 12, -19/73 HPs)
             Began as a Gargoyle Earth Elementalist on Aug 23, 2022.
             Was an Elder of Vehumet.
             Demolished by a death knight
             ... wielding a +4 great mace
              (26 damage)
             ... on level 14 of the Dungeon.
             The game lasted 00:48:24 (14422 turns).

safid the Destroyer (Gargoyle Earth Elementalist)  Turns: 14422, Time: 00:48:25

Health: -19/73     AC: 16    Str: 12    XL:     12   Next: 3%
Magic:  9/25       EV: 11    Int: 24    God:    Vehumet [****..]
Gold:   951        SH:  0    Dex:  5    Spells: 14/29 levels left

rFire   + . .      SeeInvis +   e - +1 short sword (venom)
rCold   + . .      Faith    .   (no shield)
rNeg    + + +      Spirit   .   b - +0 robe
rPois   ∞          Reflect  .   l - +0 helmet of Beauty {*Corrode rF+ rN+ Int+3 SInv}
rElec   +          Harm     .   q - +0 cloak
rCorr   .          Rampage  .   u - +3 pair of gloves "Feg Udenn" {rN+ Dex-5 Stlth+}
Will    .....                   (no boots)
Stlth   ++........              (no amulet)
HPRegen 0.22/turn               p - ring of protection from cold
MPRegen 0.19/turn               A - ring of flight

@: about to teleport, flying
A: sickness immunity, AC +8, negative energy resistance 1, electricity
resistance, torment resistance 1, petrification resistance
a: Renounce Religion


You were on level 14 of the Dungeon.
You worshipped Vehumet.
Vehumet was greatly pleased with you.
You visited 2 branches of the dungeon, and saw 13 of its levels.
You also visited: Ossuary.

You collected 951 gold pieces.

Inventory:

Hand Weapons
 e - a +1 short sword of venom (weapon)
Missiles
 c - 269 stones
 d - 89 sling bullets
 z - 4 javelins
 C - 12 poisoned darts
 J - 2 throwing nets
Armour
 b - a +0 robe (worn)
 l - the +0 helmet of Beauty (worn) {*Corrode rF+ rN+ Int+3 SInv}
   (You acquired it on level 7 of the Dungeon)

   Int:       It affects your intelligence (+3).
   rF:        It protects you from fire.
   rN:        It protects you from negative energy.
   SInv:      It lets you see invisible.
   *Corrode:  It may corrode you when you take damage.
 q - a +0 cloak (worn)
 u - the +3 pair of gloves "Feg Udenn" (worn) {rN+ Dex-5 Stlth+}
   (You acquired it on level 7 of the Dungeon)

   Dex:       It affects your dexterity (-5).
   rN:        It protects you from negative energy.
   Stlth:     It makes you more stealthy.
Jewellery
 p - a ring of protection from cold (left hand)
 A - a ring of flight (right hand)
 F - an amulet of faith
Wands
 y - a wand of flame (21)
 G - a wand of digging (6)
Scrolls
 g - 2 scrolls of teleportation
 i - 5 scrolls of enchant weapon
 k - a scroll of brand weapon
 o - 2 scrolls of enchant armour
 s - a scroll of fear
 w - 2 scrolls of immolation
 D - a scroll of magic mapping
 E - a scroll of amnesia {unknown}
 H - a scroll of silence {unknown}
 I - a scroll of vulnerability {unknown}
Potions
 a - a potion of magic
 f - a potion of ambrosia {unknown}
 h - 3 potions of invisibility
 j - 5 potions of curing
 m - a potion of berserk rage {unknown}
 n - a potion of attraction {unknown}
 r - 7 potions of haste
 t - 4 potions of mutation
 x - 3 potions of brilliance
 B - 4 potions of might
 K - a potion of flight {unknown}


   Skills:
 + Level 7.7 Fighting
 - Level 2.0 Dodging
 - Level 2.1 Stealth
 + Level 9.0 Spellcasting
 - Level 12.0 Conjurations
 + Level 7.3 Summonings
 - Level 1.0 Transmutations
 - Level 8.0 Earth Magic


You had 14 spell levels left.
You knew the following spells:

 Your Spells              Type           Power      Damage    Failure   Level
a - Sandblast             Erth           98%        2d20      1%          1
b - Stone Arrow           Conj/Erth      100%       3d13      1%          3
c - Iskenderun's Mystic   Conj/Tloc      39%        2d9       1%          4
d - Orb of Destruction    Conj           31%        9d10      10%         7

Your spell library contained the following spells:

 Spells                   Type           Power      Damage    Failure   Level
 Lightning Bolt           Conj/Air       19%        1d34      4%          5
 Foxfire                  Conj/Fire      100%       2x1d9     1%          1
 Magic Dart               Conj           100%       1d8       1%          1
 Summon Small Mammal      Summ           100%       N/A       1%          1
 Call Imp                 Summ           45%        N/A       1%          2
 Passwall                 Tmut/Erth      26%        N/A       1%          2
 Call Canine Familiar     Summ           45%        N/A       1%          3
 Conjure Flame            Conj/Fire      39%        6-21      1%          3
 Dazzling Flash           Conj/Hex       78%        N/A       1%          3
 Mephitic Cloud           Conj/Pois/Air  30%        N/A       1%          3
 Flame Wave               Conj/Fire      39%        2d9       1%          4
 Frozen Ramparts          Ice            20%        1d4       4%          3
 Inner Flame              Hex/Fire       10%        N/A       4%          3
 Summon Guardian Golem    Hex/Summ       28%        N/A       4%          3
 Animate Skeleton         Necr           20%        N/A       6%          1
 Pain                     Necr           40%        1d6       6%          1
 Petrify                  Tmut/Erth      32%        N/A       9%          4
 Leda's Liquefaction      Hex/Erth       15%        N/A       11%         4
 Summon Ice Beast         Ice/Summ       28%        N/A       13%         4
 Portal Projectile        Hex/Tloc       20%        N/A       17%         3
 Vampiric Draining        Necr           10%        2d6       17%         3
 Starburst                Conj/Fire      19%        6d7       19%         6
 Spellforged Servitor     Conj/Summ      27%        N/A       24%         7
 Ice Form                 Ice/Tmut       13%        N/A       43%         4


Dungeon Overview and Level Annotations

Branches:
Dungeon (11/15)            Temple (0/1) D:7            Lair (1/6) D:9
    Orc (0/2) D:9         Ossuary (visited)

Altars:
Cheibriados
Hepliaklqana
Kikubaaqudgha
Makhleb
Nemelex Xobeh
Sif Muna
Vehumet
Wu Jian
Xom
Yredelemnul
Zin
The Shining One
Lugonu

Shops:
D:4 (   D:14 *

Annotations:
D:9 2 transporters
D:10 2 transporters, Sonja


Innate Abilities, Weirdness & Mutations

You are immune to sickness and miasma.
Your stone body is resilient. (AC +8)
You are immune to poison.
You resist negative energy. (rN+)
You are resistant to electric shocks. (rElec)
You are resistant to unholy torment.
You are immune to petrification.


Message History

The death knight shouts!
You hear an angry buzzing noise.
Casting: Stone Arrow (safe; 1% risk of failure)
Confirm with . or Enter, or press ? or * to list all spells.
Aiming: Stone Arrow (safe; 1% risk of failure)
Press: ? - help, Shift-Dir - straight line, f/p - death knight
Aim: a death knight, wielding a +4 great mace and wearing a +0 chain mail (lightly wounded, 78% to hit)
The stone arrow hits the death knight.
The death knight is lightly wounded.
Unknown command.
Casting: Stone Arrow (safe; 1% risk of failure)
Confirm with . or Enter, or press ? or * to list all spells.
You erupt in a blast of force!
The mystic blast hits the death knight.
The death knight is lightly wounded.
The death knight is knocked back by the mystic blast.
You hear an angry buzzing noise.
The death knight offers itself to Yredelemnul, and fills with unholy energy.
Casting: Iskenderun's Mystic Blast (dangerous; 1% risk of failure)
Confirm with . or Enter, or press ? or * to list all spells.
You erupt in a blast of force!
The mystic blast hits the death knight.
The death knight is moderately wounded.
The death knight reflects your damage back at you!
You hear an angry buzzing noise.
The death knight barely misses you.
The death knight hits you with a +4 great mace!
Casting: Iskenderun's Mystic Blast (dangerous; 1% risk of failure)
Confirm with . or Enter, or press ? or * to list all spells.
You erupt in a blast of force!
The mystic blast hits the death knight.
The death knight is moderately wounded.
The death knight is knocked back by the mystic blast.
The death knight slams into the rock wall!
The death knight reflects your damage back at you!
You hear an angry buzzing noise.
As you read the scroll of teleportation, it crumbles to dust.
You feel strangely unstable.
The death knight hits you with a +4 great mace!!
* * * LOW HITPOINT WARNING * * *
A phantasmal warrior comes into view.
The death knight's dark mirror aura disappears.
The death knight hits you with a +4 great mace!!
You die...

#..# ... .#
#..# ## #..> #
#..## #. .#...
##..### #..
#.##..
###..#### #..#
###...# #...#
##..# ... ##..#
#.### ##..##
#@.## # ##))##
#.p.## ####.###
###..# .##..#
#######..#
....##
#........#####
..÷##
........$....#
...#
.....!.........
.....
...........y...
##....
...............


You could see a death knight and a vampire mosquito (wandering).

Vanquished Creatures
  A hydra (D:9)
  A boulder beetle (D:11)
  A two-headed ogre (D:10)
  A centaur warrior (D:14)
  2 dancing weapons (D:14)
  Erica (D:8)
  2 manticores (D:14)
  A black mamba (D:9)
  A freezing wraith (D:14)
  3 meliai
  A wraith (D:14)
  4 wyverns
  A vampire (D:10)
  2 shadows
  5 yaks
  A yak (shapeshifter) (D:14)
  A basilisk (D:9)
  5 vampire mosquitoes (D:14)
  A warg (D:9)
  2 acid dragons
  A water moccasin (D:8)
  4 orc warriors
  A swamp drake (D:9)
  An ice beast (D:6)
  A black bear (D:5)
  A sky beast (D:7)
  2 ogres
  5 centaurs
  A phantom (D:6)
  A kobold brigand (D:9)
  2 bullfrogs
  4 elf zombies (Ossuary)
  A scorpion (D:5)
  2 gnoll sergeants (D:10)
  9 killer bees (D:10)
  A crimson imp (D:3)
  A howler monkey (D:4)
  A centaur zombie (D:7)
  5 hounds
  7 orc priests
  A jelly (D:7)
  2 human zombies (Ossuary)
  A gnoll shaman (D:9)
  Jessica (D:2)
  Natasha (thrice) (D:4)
  An iguana (D:5)
  8 orc wizards
  2 killer bee zombies
  A hound skeleton (D:4)
  3 mummies
  A howler monkey zombie (D:10)
  Robin (D:4)
  A howler monkey skeleton (D:7)
  5 adders
  24 gnolls
  2 white imps
  2 adder zombies (Ossuary)
  2 worms
  5 dart slugs
  33 orcs
  6 ball pythons
  7 endoplasms
  2 giant cockroaches
  12 goblins
  8 hobgoblins
  7 jackals (D:1)
  2 quokkas
  4 bats
  3 frilled lizards
  8 hobgoblin zombies (Ossuary)
  A jackal zombie (Ossuary)
  15 kobolds
  5 kobold zombies (Ossuary)
  12 orc zombies (Ossuary)
  2 rats
  2 rat zombies (Ossuary)
283 creatures vanquished.

Notes
Turn   | Place    | Note
-------+----------+-------------------------------------------
     0 | D:1      | safid the Gargoyle Earth Elementalist began the quest for
                  | the Orb.
     0 | D:1      | Reached XP level 1. HP: 10/10 MP: 3/3
   542 | D:1      | Reached skill level 1 in Transmutations
   557 | D:1      | Reached XP level 2. HP: 11/15 MP: 5/5
   821 | D:1      | Reached XP level 3. HP: 16/19 MP: 4/6
   980 | D:1      | Reached skill level 1 in Conjurations
  2176 | D:2      | Noticed Jessica
  2184 | D:2      | Killed Jessica
  2185 | D:2      | Reached XP level 4. HP: 9/24 MP: 2/8
  2398 | D:2      | Reached skill level 2 in Conjurations
  2827 | D:3      | Found a snail-covered altar of Cheibriados.
  2861 | D:3      | Found a burning altar of Makhleb.
  2861 | D:3      | Found a radiant altar of Vehumet.
  2875 | D:3      | Reached XP level 5. HP: 14/28 MP: 5/9
  2882 | D:3      | Became a worshipper of Vehumet
  3383 | D:3      | Reached skill level 5 in Earth Magic
  3427 | D:3      | Reached skill level 3 in Conjurations
  3516 | D:3      | Reached XP level 6. HP: 32/32 MP: 11/11
  3550 | D:3      | Found a shimmering blue altar of Sif Muna.
  3688 | D:4      | Found a sparkling altar of Nemelex Xobeh.
  3737 | D:4      | Noticed Natasha
  3740 | D:4      | Killed Natasha
  3888 | D:4      | Found a sand-covered staircase.
  3894 | D:4      | Reached * piety under Vehumet
  3894 | D:4      | Offered knowledge of Freeze by Vehumet.
  3899 | Ossuary  | Entered an ossuary
  4229 | Ossuary  | Reached skill level 4 in Conjurations
  4229 | Ossuary  | Reached XP level 7. HP: 31/37 MP: 11/13
  4316 | Ossuary  | Reached skill level 1 in Fighting
  4401 | Ossuary  | Offered knowledge of Static Discharge by Vehumet.
  4491 | Ossuary  | Reached ** piety under Vehumet
  4834 | Ossuary  | Learned a level 3 spell: Stone Arrow
  5072 | D:4      | Noticed Robin
  5076 | D:4      | Reached XP level 8. HP: 30/45 MP: 9/14
  5092 | D:4      | Killed Robin
  5289 | D:4      | Found Lige's Antique Weapon Emporium.
  5325 | D:4      | Reached skill level 5 in Conjurations
  5412 | D:4      | Noticed Natasha
  5415 | D:4      | Killed Natasha
  5581 | D:4      | Noticed Natasha
  5586 | D:4      | Killed Natasha
  5790 | D:5      | Entered Level 5 of the Dungeon
  6258 | D:5      | Reached skill level 5 in Spellcasting
  7780 | D:7      | Found a staircase to the Ecumenical Temple.
  7823 | D:7      | Reached skill level 6 in Conjurations
  7991 | D:7      | Offered knowledge of Frozen Ramparts by Vehumet.
  8429 | D:6      | Reached XP level 9. HP: 6/52 MP: 3/17
  8708 | D:6      | Reached skill level 5 in Fighting
  9045 | D:7      | Found an ornate altar of the Wu Jian Council.
  9094 | D:7      | Reached *** piety under Vehumet
  9156 | D:8      | Identified 2 scrolls of acquirement
  9173 | D:7      | Acquired the +0 helmet of Beauty {*Corrode rF+ rN+ Int+3
                  | SInv}
  9180 | D:7      | Acquired the +3 pair of gloves "Feg Udenn" {rN+ Dex-5
                  | Stlth+}
  9336 | D:8      | Noticed Erica
  9339 | D:8      | Killed Erica
  9340 | D:8      | Reached skill level 7 in Conjurations
  9522 | D:7      | Reached skill level 8 in Conjurations
  9615 | D:7      | Learned a level 4 spell: Iskenderun's Mystic Blast
  9622 | D:8      | Reached XP level 10. HP: 56/60 MP: 10/21
  9849 | D:8      | Found a glowing silver altar of Zin.
 10212 | D:9      | Found a staircase to the Orcish Mines.
 10221 | D:9      | Offered knowledge of Airstrike by Vehumet.
 10234 | D:9      | Reached skill level 9 in Conjurations
 10718 | D:9      | Reached **** piety under Vehumet
 10924 | D:9      | Reached skill level 10 in Conjurations
 11063 | D:9      | Learned a level 7 spell: Orb of Destruction
 11232 | D:9      | Found a staircase to the Lair.
 11322 | D:9      | Found a transporter.
 11324 | D:9      | Found a corrupted altar of Lugonu.
 11328 | D:9      | Noticed a brown ugly thing
 11358 | D:9      | Offered knowledge of Hailstorm by Vehumet.
 11591 | D:9      | Noticed a green ugly thing
 11625 | D:9      | Found a transporter.
 11638 | D:10     | Entered Level 10 of the Dungeon
 11649 | D:9      | Reached skill level 11 in Conjurations
 11776 | D:10     | Reached skill level 12 in Conjurations
 11785 | D:10     | Reached skill level 1 in Summonings
 11921 | D:10     | Noticed a death knight
 11926 | D:10     | Found a transporter.
 11928 | D:10     | Found a transporter.
 11928 | D:10     | Found a basalt altar of Yredelemnul.
 11943 | D:10     | Noticed a two-headed ogre
 11952 | D:10     | Reached XP level 11. HP: 45/64 MP: 5/23
 12107 | D:10     | Killed a two-headed ogre
 12107 | D:10     | Reached ***** piety under Vehumet
 12107 | D:10     | Offered knowledge of Lightning Bolt by Vehumet.
 12218 | D:10     | Noticed Sonja
 12222 | D:10     | Noticed a flayed ghost
 12287 | D:10     | Found a hazy altar of Hepliaklqana.
 12330 | D:10     | Found a shimmering altar of Xom.
 12431 | D:10     | Found a glowing golden altar of the Shining One.
 12499 | D:10     | Found an ancient bone altar of Kikubaaqudgha.
 12770 | Lair:1   | Entered Level 1 of the Lair of Beasts
 12771 | Lair:1   | Noticed a five-headed hydra
 13340 | D:9      | Killed a five-headed hydra
 13341 | D:9      | Reached skill level 5 in Summonings
 13490 | D:11     | Noticed a boulder beetle
 13500 | D:11     | Killed a boulder beetle
 13726 | D:11     | You are sucked into a shaft and drop 3 floors!
 13726 | D:14     | Noticed a centaur warrior
 13731 | D:14     | Killed a centaur warrior
 13789 | D:14     | Noticed a manticore
 13792 | D:14     | Killed a manticore
 14075 | D:14     | Noticed a death knight
 14249 | D:14     | Noticed a manticore
 14253 | D:14     | Killed a manticore
 14300 | D:14     | Noticed a +5 long sword
 14301 | D:14     | Noticed a +8 long sword
 14303 | D:14     | Killed a +5 long sword
 14305 | D:14     | Noticed a boulder beetle
 14305 | D:14     | Killed a +8 long sword
 14306 | D:14     | Reached XP level 12. HP: 73/73 MP: 7/24
 14325 | D:14     | Found Ujericvu's General Store.
 14422 | D:14     | Demolished by a death knight

Illustrated notes

Levels and vault maps discovered:
D:1:      tarquinn_simple_flora_water_b, layout_basic
D:2:      layout_loops_ring, minmay_misc_feat_alley, uniq_jessica
D:3:      layout_basic, grunt_temple_overflow_lords_of_destruction,
          mainiacjoe_overflow_surrounded_room, cheibriados_altar_1,
          nicolae_concentric_dashed_squares_mild, minmay_distorted
D:4:      layout_loops_ring, overflow_temple_1_default,
          gup_ossuary_entry_pyramid, serial_shops, nicolae_shop_statue_plus,
          kennysheep_nondescript, uniq_natasha, uniq_robin
D:5:      layout_basic
D:6:      layout_loops_ring
D:7:      layout_gridville, lemuel_tele_altar, minmay_temple_entry_ruins,
          chequers_serial_rivers_micro_e, nicolae_fountain_basement
D:8:      layout_rooms, zin_statuary, uniq_erica
D:9:      gammafunk_corrupted_shrine, layout_small_grid, erik_lair_dragon,
          erik_orc_3
D:10:     layout_rooms, nicolae_tso_carved_into_rock,
          worldfamousw_hep_ancestral_shrine, brannock_xom_greatest_gift,
          gammafunk_temple_of_torment, minmay_circle_x, uniq_sonja
D:11:     layout_loops_ring, uniq_urug
D:14:     layout_layer_cave, erik_vaults_1, serial_shops, shop,
          minmay_staircase_bubble, kennysheep_windowed_goal
Lair:1:   layout_gridlike, uniq_gastronok

Skill      XL: |  1  2  3  4  5  6  7  8  9 10 11 12 |
---------------+-------------------------------------+-----
Transmutations | 1 |  1.0
Earth Magic    | 4 5 6 8 |  8.0
Conjurations   | 1 2 3 4 6 8 12 | 12.0
Dodging        | 2 |  2.0
Spellcasting   | 3 4 5 7 8 9 |  9.0
Fighting       | 2 4 6 7 |  7.7
Summonings     | 2 7 |  7.3
Stealth        | |  2.1

Action                   |  1- 3 |  4- 6 |  7- 9 | 10-12 || total
-------------------------+-------+-------+-------+-------++-------
Melee: Dagger            |    56 |       |       |       ||    56
       Unarmed           |     7 |       |       |       ||     7
       Short sword       |    37 |   180 |   140 |    80 ||   437
       Punch             |       |     1 |     3 |     2 ||     6
 Cast: Sandblast         |    22 |    33 |    42 |     5 ||   102
       Stone Arrow       |       |       |    75 |   113 ||   188
       Iskenderun's Myst |       |       |     1 |    35 ||    36
       Orb of Destructio |       |       |       |     4 ||     4
  Use: Scroll            |       |       |     9 |    15 ||    24
       Potion            |       |       |       |     2 ||     2
 Stab: Sleeping          |     4 |     3 |     2 |       ||     9
Armor: Robe              |    30 |    78 |    61 |   111 ||   280
Dodge: Dodged            |    73 |   138 |   104 |   116 ||   431
